[Event "Team 45 45 League T97"]
[Site "Internet Chess Club"]
[Date "2023.09.19"]
[Round "6"]
[White "Portola"]
[Black "timcent"]
[Result "0-1"]
[WhiteElo "1710"]
[BlackElo "1922"]
[Opening "Queen's pawn game"]
[ECO "A45"]
[Time "13:00:27"]
[PlyCount "84"]
[TimeControl "2700+45"]

1. d4 Nf6 2. c3 e6 3. Nf3 c5 4. e3 Qb6 5. Nbd2 d5 6. Bd3 Nc6 7. O-O Bd6 8. Qe2
cxd4 9. exd4 O-O 10. Re1 Qc7 11. Ne5 Nd7 12. Ndf3 Nd8 13. Nxd7 Bxd7 14. Bxh7+
Kxh7 15. Ng5+ Kg6 16. Qd3+ f5 17. Qh3 Bf4 18. Nf3 Nf7 19. g3 Bxc1 20. Raxc1 Rh8
21. Qg2 Kf6 22. b3 Qa5 23. a4 g5 24. Qf1 g4 25. Nh4 Ng5 26. Red1 Rxh4 27. gxh4
Nf3+ 28. Kh1 Rh8 29. Rd3 Rxh4 30. Rxf3 gxf3 31. Re1 Qc7 32. Qg1 Rg4 33. Qf1 Rg2
34. Re5 Bc8 35. Qc1 Qg7 36. Qf1 Qh6 37. Qxg2 fxg2+ 38. Kxg2 b6 39. Re3 Ba6 40.
h3 f4 41. Re5 Bd3 42. Kg1 Qxh3 {White resigns} 0-1

[Event "Team 45 45 League T97"]
[Site "Internet Chess Club"]
[Date "2023.09.15"]
[Round "6"]
[White "burlap"]
[Black "seattleblues"]
[Result "1-0"]
[WhiteElo "1386"]
[BlackElo "1346"]
[Opening "Queen's pawn, Mason variation, Steinitz counter-gambit"]
[ECO "D00"]
[Time "21:00:22"]
[PlyCount "63"]
[TimeControl "2700+45"]

1. d4 d5 2. Bf4 c5 3. e3 Nf6 4. Bd3 Bg4 5. Nf3 e6 6. Nbd2 Nc6 7. c3 Qb6 8. Qb3
c4 9. Qxb6 axb6 10. Bc2 Be7 11. Ne5 Bh5 12. O-O b5 13. Rfe1 b4 14. Nxc6 bxc6 15.
e4 b3 16. axb3 Rxa1 17. Rxa1 O-O 18. bxc4 dxe4 19. Ra6 c5 20. dxc5 Bxc5 21. Bg5
e3 22. Bxe3 Bxe3 23. fxe3 Rc8 24. b3 Nd7 25. Ne4 Bg6 26. Nd6 Bxc2 27. Nxc8 Bxb3
28. Ra7 Ne5 29. c5 Nc6 30. Ne7+ Nxe7 31. Ra8+ Nc8 32. Rxc8# {Black checkmated}
1-0

[Event "Team 45 45 League T97"]
[Site "Internet Chess Club"]
[Date "2023.09.18"]
[Round "6"]
[White "VictorRed"]
[Black "Packerfan"]
[Result "1-0"]
[WhiteElo "1685"]
[BlackElo "1701"]
[Opening "Queen's pawn game, Darooha variation "]
[ECO "D02"]
[Time "10:43:46"]
[PlyCount "83"]
[TimeControl "2700+45"]

1. d4 d5 2. Nf3 Nf6 3. g3 c6 4. Bg2 Bf5 5. O-O e6 6. Nh4 Bd6 7. Nxf5 exf5 8. Bg5
h6 9. Bc1 g5 10. Nc3 Nbd7 11. Qd3 f4 12. e4 fxe3 13. fxe3 Qe7 14. Bd2 O-O-O 15.
e4 dxe4 16. Nxe4 Nxe4 17. Bxe4 Nc5 18. Bf5+ Kb8 19. Qf3 Ne6 20. c3 Rhf8 21. Rae1
Rde8 22. b4 Qc7 23. Re2 Ng7 24. Rxe8+ Rxe8 25. Bd3 Rf8 26. c4 f5 27. c5 Be7 28.
d5 cxd5 29. Qxd5 a5 30. a3 b6 31. Bc3 Bf6 32. Bxf6 Rxf6 33. bxa5 Qxc5+ 34. Qxc5
bxc5 35. a4 Kc7 36. Bc4 Ne8 37. a6 Kb6 38. Rb1+ Ka5 39. a7 Nc7 40. Rb7 Na8 41.
Rb8 Nb6 42. Rxb6 {Black resigns} 1-0

[Event "Team 45 45 League T97"]
[Site "Internet Chess Club"]
[Date "2023.09.18"]
[Round "6"]
[White "ivanson"]
[Black "Sandrotov"]
[Result "1/2-1/2"]
[WhiteElo "1583"]
[BlackElo "1636"]
[Opening "Ruy Lopez: closed"]
[ECO "C90"]
[Time "19:00:29"]
[PlyCount "57"]
[TimeControl "2700+45"]

1. e4 e5 2. Nf3 Nc6 3. Bb5 a6 4. Ba4 b5 5. Bb3 Nf6 6. O-O Be7 7. Re1 d6 8. c3
Bg4 9. h3 Bh5 10. a4 O-O 11. d3 Na5 12. Bc2 c5 13. Nbd2 Qc7 14. Nf1 Rfc8 15. Ng3
Bg6 16. Nh4 b4 17. Ngf5 Bf8 18. Bg5 Ne8 19. Qg4 Rab8 20. Rec1 bxc3 21. bxc3 Nb3
22. Bxb3 Rxb3 23. Ne3 Qb7 24. Nxg6 hxg6 25. Nd5 Nc7 26. Ne3 Ne6 27. Nd5 Nc7 28.
Ne3 Ne6 29. Nd5 {Game drawn by mutual agreement} 1/2-1/2

[Event "Team 45 45 League T97"]
[Site "Internet Chess Club"]
[Date "2023.09.17"]
[Round "6"]
[White "THE-WARRIOR"]
[Black "justice02"]
[Result "1-0"]
[WhiteElo "1612"]
[BlackElo "1646"]
[Opening "QGD: Marshall defense"]
[ECO "A50"]
[Time "20:00:32"]
[PlyCount "35"]
[TimeControl "2700+45"]

1. d4 Nf6 2. c4 d5 3. e3 c6 4. Nc3 a6 5. Nf3 Nbd7 6. Bd3 g6 7. O-O Bg7 8. h3 O-O
9. Re1 dxc4 10. Bxc4 Nb6 11. Bb3 Re8 12. Ne5 e6 13. Qf3 Nbd5 14. e4 Nxc3 15.
bxc3 Qc7 16. Bf4 Nh5 17. Bh2 Qa5 18. Qxf7+ {Black resigns} 1-0

[Event "Team 45 45 League T97"]
[Site "Internet Chess Club"]
[Date "2023.09.18"]
[Round "6"]
[White "RD1974"]
[Black "julesraider"]
[Result "0-1"]
[WhiteElo "1596"]
[BlackElo "1657"]
[Opening "King's Indian, 3.Nf3"]
[ECO "E60"]
[Time "18:00:22"]
[PlyCount "80"]
[TimeControl "2700+45"]

1. d4 Nf6 2. c4 g6 3. Nf3 Bg7 4. g3 c5 5. e3 O-O 6. Bg2 d5 7. O-O cxd4 8. exd4
dxc4 9. Ne5 Nd5 10. Nc3 Nxc3 11. bxc3 Bxe5 12. dxe5 Qxd1 13. Rxd1 Nd7 14. f4 Rb8
15. Be3 b6 16. Bc6 Rd8 17. Bb5 a6 18. Bxc4 b5 19. Bb3 Bb7 20. e6 Nf6 21. exf7+
Kg7 22. Bd4 Bf3 23. Re1 Rb7 24. Re3 Bd5 25. Bxd5 Rxd5 26. Re6 Kxf7 27. Rxa6 Nd7
28. Re1 Nc5 29. Rc6 Nd7 30. Kg2 b4 31. Kf3 bxc3 32. Bxc3 Ra7 33. Bb4 Nf6 34. a3
h5 35. Rce6 Rd3+ 36. Kg2 Nd5 37. Bc5 Rc7 38. Bb4 Nxb4 39. axb4 Rb7 40. Rb1 Kxe6
{White resigns} 0-1

[Event "Team 45 45 League T97"]
[Site "Internet Chess Club"]
[Date "2023.09.15"]
[Round "6"]
[White "MichaelIC"]
[Black "HomerSimpson"]
[Result "1/2-1/2"]
[WhiteElo "2072"]
[BlackElo "1989"]
[Opening "Nimzo-Indian: Reshevsky variation"]
[ECO "E46"]
[Time "23:07:07"]
[PlyCount "83"]
[TimeControl "2700+45"]

1. d4 Nf6 2. c4 e6 3. Nc3 Bb4 4. e3 O-O 5. Ne2 Re8 6. a3 Bf8 7. d5 exd5 8. cxd5
c6 9. g3 d6 10. Bg2 c5 11. O-O Bf5 12. f3 Qc8 13. g4 Bd7 14. Ng3 h6 15. e4 b5
16. Be3 a5 17. h4 Nh7 18. g5 hxg5 19. hxg5 g6 20. f4 Bg7 21. Qe2 Qb7 22. Qf2 b4
23. axb4 axb4 24. Rxa8 Qxa8 25. Nb1 Qa2 26. e5 Bb5 27. Re1 dxe5 28. f5 Bd3 29.
Nd2 Qxb2 30. Be4 c4 31. Bxd3 cxd3 32. Rb1 Qa2 33. Rxb4 Qxd5 34. f6 Bf8 35. Rh4
Rc8 36. Qh2 Bc5 37. Ndf1 Bxe3+ 38. Nxe3 Rc1+ 39. Nef1 Qd6 40. Rxh7 Qc5+ 41. Kh1
Qd5+ 42. Kg1 {Game drawn by mutual agreement} 1/2-1/2

[Event "Team 45 45 League T97"]
[Site "Internet Chess Club"]
[Date "2023.09.17"]
[Round "6"]
[White "stantheman59"]
[Black "fishhead"]
[Result "0-1"]
[WhiteElo "1095"]
[BlackElo "1691"]
[Opening "Sicilian: Najdorf, Adams attack"]
[ECO "B90"]
[Time "18:00:44"]
[PlyCount "82"]
[TimeControl "2700+45"]

1. e4 c5 2. Nf3 d6 3. d4 cxd4 4. Nxd4 Nf6 5. Nc3 a6 6. h3 e5 7. Nf5 g6 8. Nh6
Be6 9. Bg5 Be7 10. Nd5 Nxd5 11. exd5 Bxg5 12. dxe6 Bxh6 13. exf7+ Kf8 14. Qd5
Nc6 15. c3 Qf6 16. Be2 Rd8 17. O-O Qxf7 18. Qe4 d5 19. Qh4 Qf4 20. Qxf4+ Bxf4
21. g3 Bh6 22. f3 Kg7 23. Bd3 Be3+ 24. Kg2 h5 25. a4 h4 26. g4 Rhe8 27. b4 e4
28. fxe4 dxe4 29. Be2 Rd2 30. Rae1 Ne5 31. Kh1 Bg5 32. c4 Re7 33. b5 Nd3 34.
Bxd3 exd3 35. bxa6 bxa6 36. Rxe7+ Bxe7 37. Rf3 Bb4 38. Re3 Rd1+ 39. Kg2 d2 40.
Rb3 a5 41. Kf2 Rc1 {White resigns} 0-1

[Event "Team 45 45 League T97"]
[Site "Internet Chess Club"]
[Date "2023.09.17"]
[Round "6"]
[White "Portola"]
[Black "fileman"]
[Result "1/2-1/2"]
[WhiteElo "1718"]
[BlackElo "1771"]
[Opening "King's Indian: East Indian defense"]
[ECO "A48"]
[Time "15:03:48"]
[PlyCount "89"]
[TimeControl "2700+45"]

1. d4 Nf6 2. Nf3 g6 3. c3 Bg7 4. Bg5 O-O 5. Nbd2 d5 6. e3 Ne4 7. Bh4 Nxd2 8.
Qxd2 Nd7 9. Bd3 c5 10. O-O cxd4 11. exd4 Re8 12. Rfe1 a6 13. Re2 f6 14. Rae1 Nf8
15. Bg3 e6 16. b3 Qb6 17. c4 Bd7 18. cxd5 exd5 19. h3 Rxe2 20. Rxe2 Re8 21. Rxe8
Bxe8 22. Qe3 Qe6 23. Qc1 Bc6 24. Qd2 Nd7 25. Qc1 Bf8 26. Qc2 Kg7 27. h4 Qg4 28.
Qc3 Be7 29. Qe1 Kf7 30. Qe3 Bf8 31. a4 Bb4 32. Qh6 Nf8 33. Bc7 Kg8 34. Bd8 Kf7
35. Bb6 Kg8 36. Qe3 Kf7 37. Qc1 Qe6 38. Qf4 Kg7 39. Bc5 Bxc5 40. dxc5 Nd7 41.
Qc7 Kh6 42. Qf4+ Kg7 43. Qc7 Kh6 44. Qf4+ Kg7 45. Qc7 {Game drawn by repetition}
1/2-1/2

[Event "Team 45 45 League T97"]
[Site "Internet Chess Club"]
[Date "2023.09.19"]
[Round "6"]
[White "ElValero"]
[Black "Gojira"]
[Result "0-1"]
[WhiteElo "1677"]
[BlackElo "1647"]
[Opening "Queen's pawn game, Darooha variation "]
[ECO "D11"]
[Time "07:46:35"]
[PlyCount "60"]
[TimeControl "2700+45"]

1. Nf3 d5 2. d4 Nf6 3. c4 c6 4. Qc2 dxc4 5. Qxc4 Bf5 6. g3 Nbd7 7. Bg2 e6 8. O-O
h6 9. Nc3 Be7 10. Re1 Ne4 11. Nh4 Bxh4 12. Nxe4 Be7 13. Bf4 Nb6 14. Qc3 Nd5 15.
Qd2 Nxf4 16. Qxf4 Qxd4 17. Red1 Qb6 18. Nd6+ Bxd6 19. Qxd6 Rd8 20. Qe5 O-O 21.
Bf3 Rxd1+ 22. Rxd1 Rd8 23. e4 f6 24. Rxd8+ Qxd8 25. Qc3 Bg6 26. Qb3 Qe7 27. Qe3
Qb4 28. e5 Qxb2 29. Qxa7 Bd3 30. exf6 Qc1+ {White resigns} 0-1

[Event "Team 45 45 League T97"]
[Site "Internet Chess Club"]
[Date "2023.09.16"]
[Round "6"]
[White "Rookmaster"]
[Black "julesraider"]
[Result "1/2-1/2"]
[WhiteElo "1565"]
[BlackElo "1633"]
[Opening "Caro-Kann: classical variation"]
[ECO "B18"]
[Time "19:00:17"]
[PlyCount "133"]
[TimeControl "2700+45"]

1. e4 c6 2. d4 d5 3. Nc3 dxe4 4. Nxe4 Bf5 5. Ng3 Bg6 6. c3 e6 7. N1e2 h6 8. Nf4
Bh7 9. Bc4 Qd6 10. O-O b5 11. Bd3 Bxd3 12. Nxd3 Nf6 13. Be3 Na6 14. b4 Nd5 15.
Ne4 Qc7 16. Qb3 Be7 17. a4 Qb6 18. Ndc5 Nac7 19. axb5 cxb5 20. c4 bxc4 21. Qxc4
Qxb4 22. Qxb4 Nxb4 23. Rfb1 Ncd5 24. Na6 Nc2 25. Ra5 O-O 26. Rb7 Bd8 27. Rc5 Bb6
28. Rxc2 f5 29. Nd6 f4 30. Bd2 Bxd4 31. Nc7 Nxc7 32. Rcxc7 a6 33. Ne4 Rfb8 34.
Bxf4 Rxb7 35. Rxb7 e5 36. Bd2 a5 37. Rb3 a4 38. Ra3 Bb2 39. Ra2 a3 40. Kf1 Rc8
41. Ke2 Rc4 42. Nd6 Rc5 43. Bb4 Rc2+ 44. Kd3 Rxf2 45. Bxa3 Bxa3 46. Rxf2 Bxd6
47. Ke4 Bc5 48. Rc2 Bd4 49. Kf5 Kh7 50. Rc7 Bb6 51. Rb7 Bd4 52. h4 Bc3 53. h5
Bd4 54. g4 Bc3 55. Ke4 Bd4 56. Re7 Bc3 57. Kf5 Bd4 58. Rxe5 Bxe5 59. Kxe5 g6 60.
Kf6 gxh5 61. gxh5 Kg8 62. Kg6 Kh8 63. Kxh6 Kg8 64. Kg6 Kh8 65. h6 Kg8 66. h7+
Kh8 67. Kh6 {Black stalemated} 1/2-1/2

[Event "Team 45 45 League T97"]
[Site "Internet Chess Club"]
[Date "2023.09.19"]
[Round "6"]
[White "jjmolina1"]
[Black "BlueStorm"]
[Result "1-0"]
[WhiteElo "1481"]
[BlackElo "1471"]
[Opening "Caro-Kann defense"]
[ECO "B10"]
[Time "09:00:34"]
[PlyCount "103"]
[TimeControl "2700+45"]

1. e4 c6 2. Nf3 d5 3. d3 dxe4 4. dxe4 Qxd1+ 5. Kxd1 Bg4 6. Be2 e6 7. Ne1 Bxe2+
8. Kxe2 Bd6 9. Nd3 Nd7 10. Rd1 O-O-O 11. f3 Bc7 12. g3 Ngf6 13. Be3 b6 14. Nc3
Ne5 15. b3 Nxd3 16. cxd3 Rd7 17. d4 Rhd8 18. Rd2 e5 19. dxe5 Rxd2+ 20. Bxd2 Bxe5
21. Rc1 b5 22. Nxb5 Kb7 23. Nc3 Nd7 24. f4 Bc7 25. Rd1 Ba5 26. Na4 Bxd2 27. Rxd2
Kc7 28. e5 Nb6 29. Rxd8 Kxd8 30. Nc5 Ke7 31. a4 Nd5 32. Kd2 g6 33. Na6 Kd7 34.
Kd3 h5 35. Kd4 h4 36. Nc5+ Kc7 37. e6 fxe6 38. Nxe6+ Kd6 39. Ng5 hxg3 40. hxg3
a5 41. Ne4+ Ke6 42. Kc5 Kf5 43. Nd6+ Kg4 44. Kxc6 Kxg3 45. Kxd5 Kxf4 46. Nf7 g5
47. Nxg5 Kxg5 48. Kc5 Kf5 49. Kb5 Ke5 50. Kxa5 Kd6 51. Kb6 Kd7 52. Kb7 {Black
resigns} 1-0

[Event "Team 45 45 League T97"]
[Site "Internet Chess Club"]
[Date "2023.09.17"]
[Round "6"]
[White "trogers41"]
[Black "Gilguli"]
[Result "1-0"]
[WhiteElo "1482"]
[BlackElo "1453"]
[Opening "Ruy Lopez: Cozio defense"]
[ECO "C60"]
[Time "15:12:48"]
[PlyCount "127"]
[TimeControl "2700+45"]

1. e4 e5 2. Nf3 Nc6 3. Bb5 Nge7 4. c3 a6 5. Ba4 g6 6. d4 Bg7 7. O-O O-O 8. Bb3
d6 9. Be3 Kh8 10. d5 Nb8 11. Bc2 f5 12. Bg5 f4 13. Nbd2 h6 14. Bxe7 Qxe7 15. Re1
g5 16. Nf1 g4 17. N3d2 Rg8 18. c4 Bf6 19. b4 Qg7 20. g3 f3 21. Ne3 h5 22. c5 h4
23. Ndf1 hxg3 24. Nxg3 Qh6 25. Qd3 Rg7 26. Nef5 Qh3 27. Qf1 Qh7 28. Nxg7 Kxg7
29. cxd6 cxd6 30. a4 Nd7 31. a5 Nf8 32. Ba4 Ng6 33. Rac1 Kh6 34. Rc4 Nf4 35.
Rec1 Qh8 36. R1c2 Bh4 37. Rxc8 Rxc8 38. Rxc8 Qxc8 39. Nf5+ Kg5 40. Nxh4 Kxh4 41.
Kh1 Qc3 42. Bd7 Qxb4 43. Qg1 Ng2 44. Qc1 Qe1+ 45. Qxe1 Nxe1 46. Bc8 Nd3 47. Kg1
Nc5 48. Kf1 Kh5 49. Ke1 Kg5 50. Kf1 Kh4 51. Kg1 Kh3 52. Kh1 Nxe4 53. Bxb7 Nxf2+
54. Kg1 g3 55. hxg3 Kxg3 56. Bxa6 Nh3+ 57. Kf1 Nf4 58. Bc4 e4 59. a6 e3 60. a7
Nxd5 61. a8=Q e2+ 62. Bxe2 Ne3+ 63. Ke1 f2+ 64. Kd2 {Black resigns} 1-0

[Event "Team 45 45 League T97"]
[Site "Internet Chess Club"]
[Date "2023.09.15"]
[Round "6"]
[White "BrerRabbit"]
[Black "QuieroAprender"]
[Result "0-1"]
[WhiteElo "1355"]
[BlackElo "1575"]
[Opening "Neo-Grünfeld, 6.O-O"]
[ECO "D77"]
[Time "19:28:10"]
[PlyCount "90"]
[TimeControl "2700+45"]

1. d4 d5 2. Nf3 Nf6 3. g3 g6 4. Bg2 Bg7 5. O-O O-O 6. c4 dxc4 7. Nbd2 Qd5 8. Ne5
Qxd4 9. Nexc4 Rd8 10. Qc2 c6 11. Nb3 Qd7 12. Bf4 Nh5 13. Be3 Na6 14. Rad1 Qe8
15. Rxd8 Qxd8 16. Rd1 Qe8 17. a3 Bf5 18. Qc1 Rd8 19. Rd2 Rxd2 20. Qxd2 Qd7 21.
Qxd7 Bxd7 22. Bxa7 b5 23. Nca5 Bxb2 24. Nxc6 Bxa3 25. Be3 Ng7 26. Kf1 Nf5 27.
Bc1 Bd6 28. Bd2 b4 29. Ke1 e5 30. Nca5 Bb5 31. Bd5 Ne7 32. Bb7 f5 33. f3 Nc5 34.
Nxc5 Bxc5 35. Nb3 Bd6 36. h3 Kf7 37. Kd1 Ke6 38. Be3 Nd5 39. Bd2 h5 40. h4 Nb6
41. Be3 Nc4 42. Bc5 Bxc5 43. Nxc5+ Kd6 44. Nb3 Ba4 45. Kc2 Na5 {White resigns}
0-1

[Event "Team 45 45 League T97"]
[Site "Internet Chess Club"]
[Date "2023.09.17"]
[Round "6"]
[White "kabindra"]
[Black "BIRDSMAN"]
[Result "1-0"]
[WhiteElo "1583"]
[BlackElo "1340"]
[Opening "Sicilian: Grand Prix attack"]
[ECO "B23"]
[Time "16:08:10"]
[PlyCount "35"]
[TimeControl "2700+45"]

1. e4 c5 2. Nc3 Nc6 3. f4 e6 4. Bc4 d6 5. Nf3 g6 6. O-O Nge7 7. Qe1 Bg7 8. d3
Bd7 9. a4 a6 10. f5 Nd4 11. Qh4 Nec6 12. Bg5 f6 13. fxe6 Nxe6 14. Bh6 O-O 15.
Rad1 Kh8 16. Bxg7+ Kxg7 17. Qg3 Qe7 18. Nd5 {Black resigns} 1-0

[Event "Team 45 45 League T97"]
[Site "Internet Chess Club"]
[Date "2023.09.19"]
[Round "6"]
[White "fireball"]
[Black "Manch"]
[Result "1-0"]
[WhiteElo "1550"]
[BlackElo "1350"]
[Opening "Ruy Lopez: old Steinitz defense"]
[ECO "C62"]
[Time "10:02:52"]
[PlyCount "135"]
[TimeControl "2700+45"]

1. e4 e5 2. Nf3 Nc6 3. Bb5 d6 4. O-O g6 5. d4 exd4 6. Nxd4 Bd7 7. f4 Bg7 8. c3
Nxd4 9. Bxd7+ Qxd7 10. cxd4 Ne7 11. Nc3 O-O-O 12. Be3 a6 13. a4 f5 14. e5 dxe5
15. dxe5 Nd5 16. Nxd5 Qxd5 17. Qc2 Qd3 18. Qxd3 Rxd3 19. Kf2 Rhd8 20. Ke2 Rb3
21. Rab1 Rdd3 22. Bd2 Bf8 23. Bc3 Rd5 24. Rfd1 c6 25. Rxd5 cxd5 26. Kd3 Bb4 27.
Kc2 Rxc3+ 28. bxc3 Bc5 29. Rd1 Be3 30. Rxd5 Bxf4 31. e6 Bg5 32. Rd7 h6 33. c4
Bf4 34. h3 g5 35. Rf7 h5 36. Rxf5 h4 37. Rf7 b6 38. Kd3 Bd6 39. Ke4 Kd8 40. Kd5
Be7 41. Kc6 Bc5 42. Rb7 Be3 43. Rxb6 Ke7 44. Rxa6 Kxe6 45. Kb5+ Kd7 46. c5 Kc7
47. Rc6+ Kb7 48. a5 Kb8 49. Kb6 Bf4 50. a6 Ka8 51. Rc8+ Bb8 52. Rxb8+ Kxb8 53.
Kc6 Ka7 54. Kd7 Kxa6 55. c6 Kb5 56. c7 Kb4 57. c8=Q Kb5 58. Ke6 Kb4 59. Kf5 Kb5
60. Kxg5 Kb4 61. Kxh4 Kb5 62. g4 Kb4 63. g5 Kb5 64. g6 Kb4 65. g7 Kb5 66. g8=Q
Kb4 67. Qgc4+ Ka5 68. Q8c5# {Black checkmated} 1-0

[Event "Team 45 45 League T97"]
[Site "Internet Chess Club"]
[Date "2023.09.13"]
[Round "6"]
[White "burlap"]
[Black "vollmerj"]
[Result "1/2-1/2"]
[WhiteElo "1372"]
[BlackElo "1536"]
[Opening "Queen's pawn: London system"]
[ECO "A45"]
[Time "22:00:06"]
[PlyCount "34"]
[TimeControl "2700+45"]

1. d4 Nf6 2. Bf4 g6 3. e3 Bg7 4. Bd3 c5 5. c3 cxd4 6. exd4 O-O 7. Nd2 Qb6 8. Qc2
Nd5 9. Bg3 Nc6 10. Ngf3 d6 11. O-O e5 12. dxe5 Nxe5 13. Nxe5 Bxe5 14. Bxe5 dxe5
15. Nf3 Re8 16. Rfe1 f6 17. Bxg6 hxg6 {Game drawn by mutual agreement} 1/2-1/2

[Event "Team 45 45 League T97"]
[Site "Internet Chess Club"]
[Date "2023.09.15"]
[Round "6"]
[White "smsxman"]
[Black "oldprez1"]
[Result "1/2-1/2"]
[WhiteElo "1363"]
[BlackElo "1255"]
[Opening "Réti opening"]
[ECO "A05"]
[Time "21:01:19"]
[PlyCount "150"]
[TimeControl "2700+45"]

1. Nf3 Nf6 2. Nc3 g6 3. b3 Bg7 4. Bb2 d6 5. Rb1 O-O 6. g3 Nbd7 7. Bg2 Rb8 8. O-O
b6 9. a4 e5 10. e4 Bb7 11. d4 Nxe4 12. dxe5 Nxc3 13. Bxc3 d5 14. Re1 Nc5 15. Bb4
Re8 16. Bxc5 bxc5 17. Qd2 h6 18. Rbd1 d4 19. Qa5 Qe7 20. c3 Bxf3 21. Bxf3 Rxb3
22. Bc6 Reb8 23. cxd4 cxd4 24. Rxd4 R3b6 25. Bg2 Rb2 26. Rdd1 Rc2 27. Qxa7 Rbb2
28. Qa8+ Kh7 29. Rf1 Bxe5 30. Qe4 Re2 31. Qd3 Bd6 32. Bf3 Rec2 33. Rde1 Qf6 34.
Re2 Rxe2 35. Bxe2 Qe5 36. Bd1 Bb4 37. Qf3 Kg7 38. Bb3 f6 39. Qd5 Qxd5 40. Bxd5
c5 41. Bc6 c4 42. Bb5 c3 43. Bd3 Rd2 44. Bc4 Ba5 45. Rc1 c2 46. Kg2 Bb6 47. Bb3
Rxf2+ 48. Kh3 Be3 49. Rxc2 Rxc2 50. Bxc2 Bd2 51. Kg2 f5 52. Kf2 Kf6 53. Ke2 Ba5
54. Kd3 g5 55. Kc4 h5 56. Kb5 Be1 57. a5 f4 58. gxf4 gxf4 59. a6 Bf2 60. Kc6 h4
61. h3 Ke5 62. Kb7 f3 63. a7 Bxa7 64. Kxa7 f2 65. Bd3 Kf4 66. Bf1 Ke3 67. Kb6
Kd2 68. Kc5 Ke1 69. Bg2 f1=Q 70. Bxf1 Kxf1 71. Kd4 Kg2 72. Ke3 Kxh3 73. Kf2 Kh2
74. Kf1 h3 75. Kf2 Kh1 {Game drawn by mutual agreement} 1/2-1/2

[Event "Team 45 45 League T97"]
[Site "Internet Chess Club"]
[Date "2023.09.18"]
[Round "6"]
[White "manfredo"]
[Black "Signofthetimes"]
[Result "0-1"]
[WhiteElo "1530"]
[BlackElo "1564"]
[Opening "Caro-Kann: Tartakower (fantasy) variation"]
[ECO "B12"]
[Time "18:01:41"]
[PlyCount "86"]
[TimeControl "2700+45"]

1. e4 c6 2. d4 d5 3. f3 e6 4. Nc3 Qb6 5. Na4 Qa5+ 6. c3 b5 7. Nc5 Bxc5 8. dxc5
dxe4 9. fxe4 Nf6 10. b4 Qc7 11. Bd3 Qe5 12. Bd2 O-O 13. Nf3 Qc7 14. O-O Rd8 15.
Bg5 Nbd7 16. e5 Nxe5 17. Nxe5 Qxe5 18. Bxf6 Qe3+ 19. Kh1 Rxd3 20. Qg4 Qh6 21.
Qe4 Rd5 22. Be5 Qg6 23. Qf4 a5 24. Qe3 h6 25. Rf3 Qg5 26. Bf4 Qh5 27. h3 g5 28.
Bd6 Bd7 29. g4 Qg6 30. Be5 Qc2 31. Bd4 axb4 32. Rf2 Qg6 33. Rf6 Qh7 34. Raf1 Be8
35. Rxe6 fxe6 36. Qxe6+ Bf7 37. Qxc6 Qe4+ 38. Kg1 Rxa2 39. Qc8+ Qe8 40. Qb7 Rxd4
41. cxd4 Qe3+ 42. Kh1 Qxh3+ 43. Kg1 Qh2# {White checkmated} 0-1

[Event "Team 45 45 League T97"]
[Site "Internet Chess Club"]
[Date "2023.09.14"]
[Round "6"]
[White "Kingofknights"]
[Black "fvafier"]
[Result "1-0"]
[WhiteElo "1592"]
[BlackElo "1465"]
[Opening "QGD semi-Slav"]
[ECO "D43"]
[Time "18:00:08"]
[PlyCount "67"]
[TimeControl "2700+45"]

1. d4 d5 2. c4 c6 3. Nf3 Nf6 4. Nc3 e6 5. cxd5 exd5 6. Bg5 h6 7. Bxf6 Qxf6 8. e3
Bf5 9. a3 Bd6 10. Qb3 Qe7 11. Be2 O-O 12. O-O Qc7 13. Rac1 Qb6 14. Qxb6 axb6 15.
Rfe1 Nd7 16. Bd1 b5 17. e4 dxe4 18. Nxe4 Bc7 19. Bb3 Rfe8 20. Ng3 Bh7 21. Re3
Bf4 22. Rxe8+ Rxe8 23. Rd1 Nb6 24. Kf1 Nc4 25. Bxc4 bxc4 26. Ne1 Rd8 27. h3 c5
28. Ne2 Bc7 29. Rc1 cxd4 30. Rxc4 Be5 31. Rb4 Be4 32. f4 Bf6 33. Ng3 g6 34. Nxe4
{Black resigns} 1-0

[Event "Team 45 45 League T97"]
[Site "Internet Chess Club"]
[Date "2023.09.17"]
[Round "6"]
[White "Denis240964"]
[Black "tightfist"]
[Result "1/2-1/2"]
[WhiteElo "1376"]
[BlackElo "1426"]
[Opening "French: Rubinstein variation"]
[ECO "C03"]
[Time "15:08:40"]
[PlyCount "51"]
[TimeControl "2700+45"]

1. e4 e6 2. d4 d5 3. Nd2 dxe4 4. Nxe4 Nd7 5. Nf3 Ngf6 6. Ng3 Bd6 7. c3 O-O 8.
Bd3 c5 9. O-O b6 10. Ne4 Be7 11. Qc2 Bb7 12. Re1 Nxe4 13. Bxe4 Bxe4 14. Qxe4 Nf6
15. Qc2 Qc7 16. Bg5 Rad8 17. Rad1 Nd5 18. Bxe7 Qxe7 19. c4 Nb4 20. Qb3 cxd4 21.
Nxd4 Qc5 22. Nc2 Nxc2 23. Qxc2 h6 24. b3 b5 25. Rxd8 Rxd8 26. Rc1 {Game drawn by
mutual agreement} 1/2-1/2

[Event "Team 45 45 League T97"]
[Site "Internet Chess Club"]
[Date "2023.09.15"]
[Round "6"]
[White "Portola"]
[Black "clarinetref"]
[Result "1-0"]
[WhiteElo "1715"]
[BlackElo "1511"]
[Opening "Queen's pawn"]
[ECO "A40"]
[Time "20:02:56"]
[PlyCount "21"]
[TimeControl "2700+45"]

1. d4 e6 2. Nf3 Nf6 3. c3 b6 4. Bg5 Be7 5. Nbd2 Bb7 6. e3 h6 7. Bf4 c5 8. Bd3 d5
9. O-O Ba6 10. Bxa6 Nxa6 11. Qa4+ {Black resigns} 1-0

[Event "Team 45 45 League T97"]
[Site "Internet Chess Club"]
[Date "2023.09.15"]
[Round "6"]
[White "garytd"]
[Black "rubo"]
[Result "0-1"]
[WhiteElo "1403"]
[BlackElo "1545"]
[Opening "Caro-Kann: exchange variation"]
[ECO "B13"]
[Time "19:00:13"]
[PlyCount "48"]
[TimeControl "2700+45"]

1. e4 c6 2. d4 d5 3. exd5 cxd5 4. Bd3 Nc6 5. c3 Qc7 6. Ne2 Bg4 7. f3 Bd7 8. Bf4
e5 9. dxe5 Nxe5 10. Bc2 Nf6 11. O-O Bd6 12. Kh1 O-O 13. Bb3 Bb5 14. a4 Bxe2 15.
Qxe2 Rfe8 16. Qd2 Nc4 17. Bxd6 Nxd2 18. Bxc7 Nxf1 19. Na3 Nd2 20. Bc2 Rac8 21.
Bf4 Nc4 22. Nxc4 dxc4 23. Rd1 Re2 24. Bf5 Rce8 {White resigns} 0-1

[Event "Team 45 45 League T97"]
[Site "Internet Chess Club"]
[Date "2023.09.16"]
[Round "6"]
[White "Electryon"]
[Black "g8wrb"]
[Result "1-0"]
[WhiteElo "1604"]
[BlackElo "1259"]
[Opening "French: King's Indian attack"]
[ECO "C00"]
[Time "10:04:42"]
[PlyCount "61"]
[TimeControl "2700+45"]

1. e4 e6 2. d3 d5 3. Nd2 Nc6 4. Ngf3 Bc5 5. Be2 Nge7 6. O-O O-O 7. c3 Ng6 8. Nb3
Bb6 9. Qc2 e5 10. Re1 dxe4 11. dxe4 Be6 12. Bg5 f6 13. Rad1 Qe7 14. Bd2 a5 15.
Bb5 Na7 16. Bf1 Nc6 17. g3 a4 18. Nc1 Bg4 19. Bg2 Rfd8 20. Be3 Bxe3 21. Rxe3 Be6
22. Red3 b5 23. Bf1 Na7 24. Qd2 Rxd3 25. Qxd3 Bc4 26. Qe3 Bxf1 27. Kxf1 Nc6 28.
Rd5 Rd8 29. Qd3 Rxd5 30. Qxd5+ Qf7 31. Qxc6 {Black resigns} 1-0

[Event "Team 45 45 League T97"]
[Site "Internet Chess Club"]
[Date "2023.09.18"]
[Round "6"]
[White "Pruett1988"]
[Black "timcent"]
[Result "1/2-1/2"]
[WhiteElo "1734"]
[BlackElo "1914"]
[Opening "English: Sicilian reversed"]
[ECO "A25"]
[Time "20:00:47"]
[PlyCount "49"]
[TimeControl "2700+45"]

1. c4 e5 2. Nc3 Nc6 3. g3 Bc5 4. Bg2 d6 5. Nf3 f5 6. d3 Nf6 7. O-O O-O 8. a3 a5
9. Rb1 Bd7 10. Bg5 h6 11. Bxf6 Qxf6 12. Nd5 Qd8 13. b4 axb4 14. axb4 Ba7 15. b5
Nd4 16. b6 Nxf3+ 17. Bxf3 cxb6 18. Qb3 Bc6 19. Nxb6 Bxb6 20. Qxb6 e4 21. Qxd8
Raxd8 22. Bg2 d5 23. cxd5 Bxd5 24. dxe4 fxe4 25. e3 {Game drawn by mutual
agreement} 1/2-1/2